 Dungeon Crawl Stone Soup version 0.31-a0-180-g519b7de00c (webtiles) character file.

Game seed: 3552103594433022550

13 senseless the Shield-Bearer (level 2, -2/16 HPs)
             Began as a Vine Stalker Fighter on June 19, 2023.
             Frozen to death by an endoplasm (4 damage)
             ... on level 1 of the Dungeon.
             The game lasted 00:00:41 (333 turns).

senseless the Shield-Bearer (Vine Stalker Fighter)   Turns: 333, Time: 00:00:43

Health: -2/16      AC:  8    Str: 18    XL:     2   Next: 37%
Magic:  0/3        EV:  7    Int:  8    God:
Gold:   23         SH:  4    Dex: 13    Spells: 1/1 levels left

rFire   . .          .
                       - Unarmed
rCold   . . .        b - +0 buckler
rNeg    . . .        h - +0 chain mail
rPois   .            (no helmet)
rElec   .            (no cloak)
rCorr   .            (no gloves)
SInv    .            (no boots)
Will    .....        (no amulet) Stlth
                     (no ring)
HPRegen 0.22/turn    (no ring)
MPRegen 0.08/turn

%: guardian spirit
@: no status effects
A: fangs 2, magic shield, antimagic bite, no potion heal 2
a: no special abilities


You were on level 1 of the Dungeon.
You visited 1 branch of the dungeon, and saw 1 of its levels.

You collected 23 gold pieces.

Inventory:

Armour
 a - a +0 scale mail
 b - a +0 buckler (worn)
 h - a +0 chain mail (worn)
Jewellery
 i - a ring of fire
Scrolls
 d - a scroll of blinking {unknown}
 e - a scroll of enchant weapon {unknown}
 f - a scroll of enchant armour {unknown}
Potions
 c - a potion of might
 g - a potion of cancellation {unknown}


   Skills:
 + Level 2.9 Fighting
 + Level 2.6 Armour
 + Level 2.9 Shields
 + Level 2.2 Unarmed Combat


You had one spell level left.
You didn't know any spells.
Your spell library was empty.

Dungeon Overview and Level Annotations

Branches:
Dungeon (1/15)

Altars:


Innate Abilities, Weirdness & Mutations

You have extremely sharp teeth.
When hurt, damage is shared between your health and your magic reserves.
Your bite disrupts and absorbs the magic of your enemies.
Potions cannot restore your health.


Message History

Found 8 gold pieces and a scroll labelled MOUSTUW COTE.
The endoplasm quivers.
The endoplasm moves out of view.
No target in view!
An endoplasm and a goblin come into view.
The goblin is wielding a +0 dagger of electrocution.
The goblin shouts!
There are monsters nearby!
You hit the goblin but do no damage. You bite the goblin, but do no damage.
You block the goblin's attack.
The endoplasm jiggles.
You barely miss the goblin. You bite the goblin, but do no damage.
The endoplasm freezes you.
You are frozen.
The goblin barely misses you.
You barely miss the goblin. The endoplasm closely misses you.
The goblin hits you but does no damage.
You are electrocuted!
Ouch! That really hurt!
* * * LOW HITPOINT WARNING * * *
You are too injured to fight recklessly!
You are too injured to fight recklessly!
You are too injured to fight recklessly!
You are too injured to fight recklessly!
You are too injured to fight recklessly!
You are too injured to fight recklessly!
You are too injured to fight recklessly!
You are too injured to fight recklessly!
You are too injured to fight recklessly!
You are too injured to fight recklessly!
You are too injured to fight recklessly!
You are too injured to fight recklessly!
You are too injured to fight recklessly!
You are too injured to fight recklessly!
You are too injured to fight recklessly!
You hit the endoplasm.
You bite the endoplasm, but do no damage.
The endoplasm is lightly wounded.
The goblin hits you but does no damage. The endoplasm freezes you.
You are frozen.
You die...

#.#.##....# ###
#.#.##....# #
##+#..+....+ ..
#....##....# ###
#....##....#####
#....##....##...
#....# #...
#######....#
#...
#...g@.....#
#..#
#....J..+###
#...
#.......+...
#... #.......#
#.# #..#
#.......# ...
###.§. #....?$.#
#.###....§
#########
#.....#..#
###..##...
##.#####


You could see an endoplasm and a goblin.

Vanquished Creatures
  An endoplasm (D:1)
  A giant cockroach (D:1)
  A goblin (D:1)
  2 hobgoblins (D:1)
  A quokka (D:1)
  A bat (D:1)
  4 kobolds (D:1)
  2 rats (D:1)
13 creatures vanquished.

Notes
Turn   | Place    | Note
-------+----------+-------------------------------------------
     0 | D:1      | senseless the Vine Stalker Fighter began the quest for the
                  | Orb.
     0 | D:1      | Reached XP level 1. HP: 11/11 MP: 2/2
   188 | D:1      | Reached XP level 2. HP: 10/16 MP: 3/3
   333 | D:1      | Frozen to death by an endoplasm

Illustrated notes

Levels and vault maps discovered:
D:1:      shiori_arrival_oz, layout_basic

Action                     || total
---------------------------++-------
  Melee: Unarmed           ||    44
         Bite              ||    11
 Armour: Scale mail        ||     8
         Chain mail        ||    11
  Dodge: Dodged            ||    13
  Block: Buckler           ||     5

Table legend: (Time is in decaauts)
 A = Elapsed time spent in this place.
 B = Non-inter-level travel time spent in this place.
 C = Inter-level travel time spent in this place.
 D = Time resting spent in this place.
 E = Time spent auto-exploring this place.
 F = Levels seen in this place.
 G = Mean time per level.
                   A        B        C        D        E       F      G
               +--------+--------+--------+--------+--------+-----+--------+
         Total |    332 |    332 |      0 |      0 |    239 |   1 |  332.0 |
       Dungeon |    332 |    332 |      0 |      0 |    239 |   1 |  332.0 |
               +--------+--------+--------+--------+--------+-----+--------+

Top non-repeatable levels by time:
     D:1: 332 daAuts
